 Dungeon Crawl Stone Soup version 0.24.0-125-gc4c63601f3 (webtiles) character file.

Game seed: 1366327388973837595, levelgen mode: deterministic

389 mortelune the Firebug (level 6, 0/32 HPs)
             Began as a Deep Elf Fire Elementalist on Feb 22, 2020.
             Was an Initiate of Vehumet.
             Killed from afar by an orc wizard (5 damage)
             ... with a magic dart
             ... on level 4 of the Dungeon.
             The game lasted 00:07:42 (4855 turns).

mortelune the Firebug (Deep Elf Fire Elementalist)  Turns: 4855, Time: 00:07:43

Health: 0/32       AC:  3    Str:  5    XL:     6   Next: 49%
Magic:  6/14       EV: 14    Int: 22    God:    Vehumet [......]
Gold:   145        SH:  0    Dex: 15    Spells: 4/14 levels left

rFire    . . .     SeeInvis .   w - +4 dire flail (protect)
rCold    . . .     Gourm    .   (shield currently unavailable)
rNeg     . . .     Faith    .   q - +0 robe
rPois    .         Spirit   .   (no helmet)
rElec    .         Reflect  .   s - scarf {cloud immunity}
rCorr    .         Harm     .   i - +0 pair of gloves
MR       .....                  (no boots)
Stlth    ++........             (no amulet)
HPRegen  0.10/turn              (no ring)
MPRegen  0.14/turn              (no ring)

@: very slightly contaminated, slowed, very slow
A: no striking features
a: Renounce Religion


You were on level 4 of the Dungeon.
You worshipped Vehumet.
Vehumet was noncommittal.
You were not hungry.

You visited 1 branch of the dungeon, and saw 4 of its levels.

You collected 145 gold pieces.

Inventory:

Hand Weapons
 g - a +0 short sword
 w - a +4 dire flail of protection (weapon)
Armour
 a - a +0 robe
 i - a +0 pair of gloves (worn)
 q - a +0 robe (worn)
 s - a scarf of cloud immunity (worn)
Jewellery
 e - an uncursed ring of protection from fire {unknown}
Scrolls
 b - 3 scrolls of identify {unknown}
 f - a scroll of enchant armour {unknown}
 h - 3 scrolls of magic mapping {unknown}
 j - a scroll of noise {unknown}
 k - a scroll of teleportation {unknown}
 m - a scroll of immolation {unknown}
 p - 2 scrolls of random uselessness {unknown}
 t - a scroll of remove curse {unknown}
 v - 3 scrolls of fear {unknown}
Potions
 d - a potion of lignification {unknown}
 l - 4 potions of flight {unknown}
 n - a potion of heal wounds {unknown}
 o - 2 potions of resistance {unknown}
 r - a potion of mutation {unknown}
 u - a potion of might {unknown}
Comestibles
 c - 6 rations


   Skills:
 + Level 3.9 Dodging
 - Level 2.4 Stealth
 + Level 4.5 Spellcasting
 * Level 4.3 Conjurations
 * Level 5.4 Fire Magic


You had 4 spell levels left.
You knew the following spells:

 Your Spells              Type           Power        Failure   Level  Hunger
a - Flame Tongue          Conj/Fire      ####.        1%          1    None
b - Throw Flame           Conj/Fire      ####..       2%          2    None
c - Conjure Flame         Conj/Fire      ####....     4%          3    ##.....
d - Sticky Flame          Conj/Fire      ####....     14%         4    ####...

Your spell library contained the following spells:

 Spells                   Type           Power        Failure   Level  Hunger
 Inner Flame              Hex/Fire       ###.....     11%         3    ##.....
 Fireball                 Conj/Fire      ####......   36%         5    #####..


Dungeon Overview and Level Annotations

Branches:
Dungeon (4/15)
 Temple: D:4-7

Altars:
Okawaru
Ru
Vehumet

Annotations:
D:3 2 transporters, hurston's ghost, amateur GnWn
D:4 Pikel


Message History

The orc priest shouts!
The orc priest calls down the wrath of Beogh upon you.
Beogh smites you!
Casting: Flame Tongue (safe; 1% risk of failure)
Confirm with . or Enter, or press ? or * to list all spells.
Aiming: Flame Tongue (safe; 1% risk of failure)
Press: ? - help, Shift-Dir - straight line, f/p - orc wizard
Aim: an orc wizard, wielding a +0 dagger and wearing a +0 robe (lightly wounded)
The flame tongue misses the orc wizard.
The orc priest calls down the wrath of Beogh upon you.
Pain shoots through your body! The orc wizard completely misses you.
The orc wizard points at you and mumbles some strange words.
You feel yourself slow down.
The orc priest calls down the wrath of Beogh upon you.
Beogh smites you!
* * * LOW HITPOINT WARNING * * *
The orc wizard points at you and mumbles some strange words.
The magic dart hits you.
You die...

............#..+...)......# #.#.
...[........#.##..........# #.#.
......###'#.#.##..........# #.#.
......# #.#.#.##o.........# #.#.
......###.#.#.##..........# #.#.
.....(.##.#.#.##..........####.#.
.......##.#.#.##..........'......
...)...##.#...##o[........####.##
.......##.#.####@.........####.#
.......##......'..........'....#
.......####.####..........#######
.......# #.# ######............
.......# #[# #...#########
######## #.# #...#.......# #.#
#...#.....#.# #.#
#####...#.#...#.# #.#
#....(..#.#.#.#.#


You could see an orc priest and an orc wizard.

Vanquished Creatures
  Edmund (D:4)
  2 slaves (D:4)
  A scorpion (D:4)
  2 orc priests (D:3)
  2 worker ants (D:4)
  An ooze (D:4)
  3 worms (D:3)
  A dart slug (D:1)
  6 leopard geckos
  10 orcs
  A ball python (D:2)
  3 giant cockroaches
  10 goblins
  11 hobgoblins
  10 jackals (D:1)
  5 kobolds
  A quokka (D:2)
  2 bats
  3 frilled lizards
  8 rats
83 creatures vanquished.

Vanquished Creatures (others)
  5 plants (D:4)
5 creatures vanquished.

Grand Total: 88 creatures vanquished

Notes
Turn   | Place    | Note
-------+----------+-------------------------------------------
     0 | D:1      | mortelune the Deep Elf Fire Elementalist began the quest
                  | for the Orb.
     0 | D:1      | Reached XP level 1. HP: 10/10 MP: 6/6
   197 | D:1      | Reached XP level 2. HP: 15/15 MP: 6/8
   231 | D:1      | Learned a level 2 spell: Throw Flame
   723 | D:1      | Reached XP level 3. HP: 19/19 MP: 4/9
   728 | D:1      | Learned a level 3 spell: Conjure Flame
  1256 | D:1      | You fall into a shaft and drop 1 floor!
  1305 | D:2      | Reached skill level 4 in Fire Magic
  2225 | D:3      | Found a transporter.
  2225 | D:3      | Noticed hurston's ghost (amateur GnWn)
  2264 | D:3      | Found a transporter.
  2265 | D:3      | Found an iron altar of Okawaru.
  2269 | D:3      | Reached XP level 4. HP: 24/24 MP: 6/11
  3193 | D:3      | Found a radiant altar of Vehumet.
  3215 | D:3      | Reached XP level 5. HP: 16/28 MP: 2/12
  3357 | D:3      | Became a worshipper of Vehumet
  3850 | D:3      | Learned a level 4 spell: Sticky Flame
  4004 | D:4      | Noticed Edmund
  4033 | D:4      | Killed Edmund
  4033 | D:4      | Reached skill level 5 in Fire Magic
  4033 | D:4      | Reached XP level 6. HP: 17/32 MP: 0/14
  4503 | D:4      | Found a sacrificial altar of Ru.
  4503 | D:4      | Noticed a slave
  4503 | D:4      | Noticed a slave
  4503 | D:4      | Noticed a slave
  4503 | D:4      | Noticed a slave
  4508 | D:4      | Noticed Pikel
  4510 | D:4      | Killed a slave
  4629 | D:4      | Killed a slave
  4855 | D:4      | Killed from afar by an orc wizard

Levels and vault maps discovered:
D:1:      eino_arrival_cavern_e, layout_loops_ring
D:2:      layout_rooms, uniq_robin
D:3:      layout_basic, okawaru_trees_1, vehumet_crystals,
          gammafunk_ghost_stat_death, minmay_misc_feat_diagonals
D:4:      layout_basic, nicolae_ru_the_path_less_chosen, uniq_pikel, uniq_edmund

Skill      XL: |  1  2  3  4  5 |
---------------+----------------+-----
Conjurations   | 2 3 4 |  4.3
Fire Magic     | 4 5 |  5.4
Dodging        | 3 |  3.9
Spellcasting   | 4 |  4.5
Stealth        | |  2.4

Action                   |  1- 3 |  4- 6 || total
-------------------------+-------+-------++-------
Melee: Short sword       |     1 |       ||     1
 Cast: Flame Tongue      |    50 |    50 ||   100
       Throw Flame       |    34 |    44 ||    78
       Sticky Flame      |       |     4 ||     4
       Conjure Flame     |       |     2 ||     2
  Eat: Chunk             |     5 |     7 ||    12
       Ration            |       |     1 ||     1
Armor: Robe              |     3 |       ||     3
Dodge: Dodged            |     8 |     8 ||    16
